Chicago Black Hawks vs Edmonton Oilers
Created - Thursday, October 19, 2023 at 07:33
Goals
|
| Chicago Black Hawks |
2 |
1 |
0 |
3 |
| Edmonton Oilers |
0 |
1 |
0 |
1 |
|
Shots
|
| Chicago Black Hawks |
11 |
13 |
14 |
38 |
| Edmonton Oilers |
11 |
17 |
6 |
34 |
|
1st period
1. Chicago Black Hawks , Kevin Fiala 12 (Patrice Bergeron 23) at 5:34
2. Chicago Black Hawks , Frederick Gaudreau 6 (Cole Perfetti 8) at 17:29
Penalties :
Thatcher Demko (CHI) for Slashing (Minor) at 6:12 - Tyler Bertuzzi served the penalty
2nd period
3. Edmonton Oilers , Jacob Trouba 2 (Jeff Carter 7, Brock Boeser 8) at 6:24
4. Chicago Black Hawks , Cole Perfetti 6 (Morgan Rielly 10, Shane Pinto 2) at 14:07
Penalties :
Barrett Hayton (CHI) for Hooking (Minor) at 9:47, Adrian Kempe (EDM) for Interference (Minor) at 10:01, Michael Rasmussen (CHI) for Hooking (Minor) at 16:45
3rd period
No Goal
Penalties :
Michael Rasmussen (CHI) for Holding (Minor) at 12:54
Goalie Stats
Thatcher Demko (CHI), 33 saves from 34 shots - (0.971), W, 12-7-3, 60:00 minutes
Juuse Saros (EDM), 35 saves from 38 shots - (0.921), L, 15-11-3, 60:00 minutes
Players Stats for Chicago Black Hawks
Player Name G A P +/- PIM S H SB GA TA FO MP PP MP PK MP
------------------------------------------------------------------------------------
Barrett Hayton 0 0 0 -1 2 1 2 0 1 0 2/2 15:56 0:14 1:15
Bo Horvat 0 0 0 -1 0 2 3 0 1 0 11/14 16:06 0:02 1:41
Brent Burns 0 0 0 0 0 0 0 0 0 1 0/0 21:46 0:14 2:57
Cal Clutterbuck 0 0 0 0 0 1 4 0 0 0 1/1 14:59 0:00 2:42
Caleb Jones 0 0 0 2 0 0 1 0 0 0 0/0 15:18 0:00 0:00
Christopher Tanev 0 0 0 0 0 1 1 1 0 0 0/0 23:36 0:14 3:14
Cole Perfetti 1 1 2 2 0 4 1 0 1 0 0/0 10:07 0:00 0:00
Devon Toews 0 0 0 0 0 2 0 0 0 1 0/0 22:56 0:00 3:14
Frederick Gaudreau 1 0 1 2 0 2 0 0 0 1 7/8 12:56 0:00 2:44
Kevin Fiala 1 0 1 1 0 5 2 2 4 0 0/1 15:39 0:00 0:00
Michael Rasmussen 0 0 0 0 4 4 1 0 1 1 1/1 14:20 0:02 0:57
Morgan Frost 0 0 0 0 0 2 3 0 0 1 7/12 12:56 0:00 0:00
Morgan Rielly 0 1 1 0 0 1 2 0 1 1 0/0 18:09 0:00 0:00
Patrice Bergeron 0 1 1 1 0 2 0 1 2 0 19/24 17:59 0:12 2:47
Shane Pinto 0 1 1 2 0 2 1 0 0 0 0/0 11:32 0:00 0:16
Travis Sanheim 0 0 0 2 0 1 0 0 0 0 0/0 18:15 0:00 2:57
Tyler Bertuzzi 0 0 0 -1 0 6 2 0 1 0 0/0 13:59 0:12 0:00
Vincent Trocheck 0 0 0 1 0 2 1 0 0 1 4/4 15:32 0:00 0:00
Players Stats for Edmonton Oilers
Player Name G A P +/- PIM S H SB GA TA FO MP PP MP PK MP
------------------------------------------------------------------------------------
Adrian Kempe 0 0 0 -2 2 4 3 0 2 2 4/22 17:30 3:10 0:00
Boone Jenner 0 0 0 -2 0 4 4 2 0 1 0/2 18:51 3:12 0:00
Brandon Carlo 0 0 0 0 0 1 1 2 0 1 0/0 28:10 2:19 0:01
Brett Pesce 0 0 0 -3 0 0 1 0 1 1 0/0 20:47 3:44 0:13
Brock Boeser 0 1 1 1 0 3 1 0 2 0 0/1 16:34 0:07 0:00
David Farrance 0 0 0 -1 0 0 0 0 0 0 0/0 4:20 0:55 0:00
David Perron 0 0 0 1 0 2 1 0 0 2 6/25 17:30 0:00 0:13
Dawson Mercer 0 0 0 -1 0 5 2 0 0 0 3/10 16:43 2:59 0:00
Derek Grant 0 0 0 -1 0 1 3 0 0 1 0/0 12:42 0:00 0:00
Evan Bouchard 0 0 0 1 0 0 1 0 0 0 0/0 16:21 0:00 0:00
Jacob Trouba 1 0 1 -1 0 3 6 3 0 4 0/0 28:54 2:27 0:01
Jakob Silfverberg 0 0 0 -1 0 3 0 1 0 0 0/1 16:20 2:53 0:00
Jakub Voracek 0 0 0 0 0 1 0 1 1 0 2/4 9:13 0:00 0:01
Jeff Carter 0 1 1 1 0 3 1 2 1 0 0/2 18:36 2:43 0:00
Mikael Backlund 0 0 0 -2 0 2 2 0 0 0 0/0 17:12 3:11 0:00
Noel Gunler 0 0 0 0 0 0 1 0 0 0 0/0 8:23 0:00 0:01
Paul Stastny 0 0 0 0 0 1 1 0 0 0 0/0 9:38 0:17 0:13
Scott Mayfield 0 0 0 0 0 1 3 1 0 0 0/0 20:16 2:57 0:13
3 Stars
1 - Thatcher Demko (CHI)
2 - Cole Perfetti (CHI)
3 - Kevin Fiala (CHI)
Power Play
Chicago Black Hawks - 0 on 1 Attempt(s) - 0.00%
Edmonton Oilers - 0 on 4 Attempt(s) - 0.00%
Penalty Kill
Chicago Black Hawks - 4 on 4 Attempt(s) - 100.00%
- Score 0 goal in Penalty Kill
Edmonton Oilers - 1 on 1 Attempt(s) - 100.00%
- Score 0 goal in Penalty Kill
Team Stat
Chicago Black Hawks - Hits : 24 - Faceoff Wins : 52 - Blocked Shots : 4 - Penalty Minutes : 8
Edmonton Oilers - Hits : 31 - Faceoff Wins : 15 - Blocked Shots : 12 - Penalty Minutes : 2
Official
Referees : Tom Kowal and Kelly Sutherland
Linesman : Ryan Galloway and Devin Berg
Game Notes
David Farrance is injured at 15:03 of 1st period (Right Foot)
Finance
Level 1 -- Attendance: 6000 (100.00%) -- Ticket Income $540,000
Level 2 -- Attendance: 4444 (88.88%) -- Ticket Income $222,200
Level 3 -- Attendance: 3000 (100.00%) -- Ticket Income $90,000
Level 4 -- Attendance: 4885 (97.70%) -- Ticket Income $97,700
Luxury Box -- Attendance: 863 (86.30%) -- Ticket Income $163,970
Game was played at the Rexall Place.
Total Attendance: 19192 (95.96%)
Total Ticket Income: $1,113,870
Other Income: $389,854
Total Income: $1,503,724
Chicago Black Hawks
5 vs 5 Forward
Center Left Wing Right Wing Time % Phy DF OF
1 Patrice Bergeron Kevin Fiala Vincent Trocheck 30 1 2 2
2 Bo Horvat Barrett Hayton Tyler Bertuzzi 30 1 2 2
3 Morgan Frost Michael Rasmussen Cal Clutterbuck 25 1 2 2
4 Frederick Gaudreau Cole Perfetti Shane Pinto 15 1 2 2
5 vs 5 Defense
Defense Defense Time % Phy DF OF
1 Brent Burns Morgan Rielly 35 0 3 2
2 Devon Toews Christopher Tanev 35 0 3 2
3 Travis Sanheim Caleb Jones 30 0 3 2
4 Brent Burns Morgan Rielly 0 0 4 1
PowerPlay Forward
Center Left Wing Right Wing Time % Phy DF OF
1 Bo Horvat Kevin Fiala Vincent Trocheck 50 0 0 5
2 Patrice Bergeron Barrett Hayton Tyler Bertuzzi 50 0 0 5
PowerPlay Defense
Defense Defense Time % Phy DF OF
1 Christopher Tanev Devon Toews 50 0 0 5
2 Travis Sanheim Brent Burns 50 0 0 5
Penalty Kill 4 Players Forward
Center Wing Time % Phy DF OF
1 Frederick Gaudreau Cal Clutterbuck 50 0 5 0
2 Patrice Bergeron Michael Rasmussen 50 0 5 0
Penalty Kill 4 Players Defense
Defense Defense Time % Phy DF OF
1 Devon Toews Christopher Tanev 50 0 5 0
2 Travis Sanheim Brent Burns 50 0 5 0
Penalty Kill - 3 Players Forward
Forward Time % Phy DF OF
1 Frederick Gaudreau 50 0 5 0
2 Bo Horvat 50 0 5 0
Penalty Kill - 3 Players Defense
Defense Defense Time % Phy DF OF
1 Christopher Tanev Travis Sanheim 50 0 5 0
2 Devon Toews Morgan Rielly 50 0 5 0
4 vs 4 Forward
Center Wing Time % Phy DF OF
1 Vincent Trocheck Morgan Frost 50 1 2 2
2 Barrett Hayton Kevin Fiala 50 1 2 2
4 vs 4 Defense
Defense Defense Time % Phy DF OF
1 Brent Burns Christopher Tanev 50 0 3 2
2 Morgan Rielly Devon Toews 50 0 3 2
Last Minutes Offensive
Center Left Wing Right Wing Defense Defense
Patrice Bergeron Kevin Fiala Vincent Trocheck Brent Burns Morgan Rielly
Last Minutes Defensive
Center Left Wing Right Wing Defense Defense
Bo Horvat Michael Rasmussen Frederick Gaudreau Devon Toews Christopher Tanev
Goaltenders
Starting : Thatcher Demko
Backup : Jordan Binnington
Extra Forwards
Normal : Shane Pinto, Morgan Frost, Bo Horvat - PP : Shane Pinto, Morgan Frost - PK : Bo Horvat
Extra Defensemen
Normal : Christopher Tanev, Travis Sanheim, Morgan Rielly - PP : Christopher Tanev - PK : Travis Sanheim, Brent Burns
Penalty Shots
Frederick Gaudreau, Devon Toews, Barrett Hayton, Brent Burns, Bo Horvat
Edmonton Oilers
5 vs 5 Forward
Center Left Wing Right Wing Time % Phy DF OF
1 Adrian Kempe Boone Jenner Mikael Backlund 31 1 2 2
2 David Perron Brock Boeser Jeff Carter 31 1 2 2
3 Dawson Mercer Jakob Silfverberg Derek Grant 25 1 2 2
4 Jakub Voracek Paul Stastny Noel Gunler 13 1 2 2
5 vs 5 Defense
Defense Defense Time % Phy DF OF
1 Jacob Trouba Scott Mayfield 32 1 2 2
2 Brandon Carlo Evan Bouchard 32 1 2 2
3 Brett Pesce David Farrance 26 1 3 1
4 Jacob Trouba Brandon Carlo 10 1 4 0
PowerPlay Forward
Center Left Wing Right Wing Time % Phy DF OF
1 Adrian Kempe Boone Jenner Mikael Backlund 50 0 0 5
2 Jeff Carter Dawson Mercer Jakob Silfverberg 50 0 0 5
PowerPlay Defense
Defense Defense Time % Phy DF OF
1 Brett Pesce David Farrance 50 0 1 4
2 Scott Mayfield Jacob Trouba 50 0 1 4
Penalty Kill 4 Players Forward
Center Wing Time % Phy DF OF
1 David Perron Adrian Kempe 50 1 4 0
2 Brock Boeser Boone Jenner 50 1 4 0
Penalty Kill 4 Players Defense
Defense Defense Time % Phy DF OF
1 David Farrance Brett Pesce 55 1 4 0
2 Evan Bouchard Brandon Carlo 45 1 4 0
Penalty Kill - 3 Players Forward
Forward Time % Phy DF OF
1 David Perron 50 1 4 0
2 Derek Grant 50 1 4 0
Penalty Kill - 3 Players Defense
Defense Defense Time % Phy DF OF
1 Brandon Carlo Jacob Trouba 55 1 4 0
2 David Farrance Brett Pesce 45 1 4 0
4 vs 4 Forward
Center Wing Time % Phy DF OF
1 David Perron Boone Jenner 50 0 2 3
2 Adrian Kempe Brock Boeser 50 0 2 3
4 vs 4 Defense
Defense Defense Time % Phy DF OF
1 Jacob Trouba Brandon Carlo 50 0 3 2
2 Brett Pesce Evan Bouchard 50 1 3 1
Last Minutes Offensive
Center Left Wing Right Wing Defense Defense
Adrian Kempe Boone Jenner David Perron Brett Pesce David Farrance
Last Minutes Defensive
Center Left Wing Right Wing Defense Defense
Adrian Kempe Boone Jenner David Perron Brett Pesce David Farrance
Goaltenders
Starting : Juuse Saros
Backup : Matt Murray
Extra Forwards
Normal : Jakub Voracek, Paul Stastny, Noel Gunler - PP : Adrian Kempe, Boone Jenner - PK : David Perron
Extra Defensemen
Normal : David Farrance, Jacob Trouba, Brandon Carlo - PP : Scott Mayfield - PK : Brett Pesce, Scott Mayfield
Penalty Shots
Jakub Voracek, Paul Stastny, Noel Gunler, Adrian Kempe, Boone Jenner
% Time on Ice - Chicago Black Hawks
Lines # - Real PCT - Wanted PCT - Time Play
Normal Forward
1 - 29% - 30% - 14:58
2 - 28% - 30% - 14:28
3 - 24% - 25% - 12:17
4 - 20% - 15% - 10:07
Normal Defense
1 - 36% - 35% - 18:49
2 - 34% - 35% - 17:43
3 - 30% - 30% - 15:18
4 - 0% - 0% - 0:00
PP Forward
1 - 0% - 50% - 0:00
2 - 100% - 50% - 0:14
PP Defense
1 - 100% - 50% - 0:14
2 - 0% - 50% - 0:00
PK Forward
1 - 45% - 50% - 2:47
2 - 55% - 50% - 3:24
PK Defense
1 - 52% - 50% - 3:14
2 - 48% - 50% - 2:57
PK3 Forward
1 - 0% - 50%
2 - 0% - 50%
PK3 Defense
1 - 0% - 50%
2 - 0% - 50%
44 Forward
1 - 37% - 50% - 0:39
2 - 63% - 50% - 1:06
44 Defense
1 - 59% - 50% - 1:02
2 - 41% - 50% - 0:43
Last Minute Offensive - 0:00
Last Minute Defensive - 0:00
Total
Forward - 60:00
Defense - 60:00
|
% Time on Ice - Edmonton Oilers
Lines # - Real PCT - Wanted PCT - Time Play
Normal Forward
1 - 27% - 31% - 14:12
2 - 34% - 31% - 17:51
3 - 25% - 25% - 12:42
4 - 14% - 13% - 7:05
Normal Defense
1 - 31% - 32% - 15:52
2 - 31% - 32% - 16:08
3 - 33% - 26% - 16:51
4 - 6% - 10% - 2:59
PP Forward
1 - 52% - 50% - 3:12
2 - 48% - 50% - 2:59
PP Defense
1 - 60% - 50% - 3:44
2 - 40% - 50% - 2:27
PK Forward
1 - 93% - 50% - 0:13
2 - 7% - 50% - 0:01
PK Defense
1 - 100% - 55% - 0:14
2 - 0% - 45% - 0:00
PK3 Forward
1 - 0% - 50%
2 - 0% - 50%
PK3 Defense
1 - 0% - 55%
2 - 0% - 45%
44 Forward
1 - 42% - 50% - 0:44
2 - 58% - 50% - 1:01
44 Defense
1 - 64% - 50% - 1:07
2 - 36% - 50% - 0:38
Last Minute Offensive - 0:00
Last Minute Defensive - 0:00
Total
Forward - 60:00
Defense - 60:00
|
Play-by-Play
1st period
0:01 of 1st period - Patrice Bergeron wins face-off versus Adrian Kempe in neutral zone.
0:26 of 1st period - Scott Mayfield is hit by Tyler Bertuzzi and loses puck.
0:31 of 1st period - Wrist shot by Bo Horvat.
0:31 of 1st period - Shot Blocked by Jeff Carter.
0:36 of 1st period - Icing by Scott Mayfield.
0:37 of 1st period - David Perron wins face-off versus Morgan Frost in Edmonton Oilers zone.
0:58 of 1st period - Slapshot by Brock Boeser.
0:58 of 1st period - Shot Misses the Net.
1:00 of 1st period - Snap shot by Jeff Carter.
1:00 of 1st period - Stopped by Thatcher Demko without a rebound.
1:01 of 1st period - Frederick Gaudreau wins face-off versus Jakob Silfverberg in Chicago Black Hawks zone.
1:36 of 1st period - Snap shot by Paul Stastny.
1:36 of 1st period - Shot Misses the Net.
1:38 of 1st period - Wrist shot by Noel Gunler.
1:38 of 1st period - Shot Misses the Net.
1:50 of 1st period - Wrist shot by Adrian Kempe.
1:50 of 1st period - Stopped by Thatcher Demko with a rebound.
2:23 of 1st period - Wrist shot by Jeff Carter.
2:23 of 1st period - Stopped by Thatcher Demko with a rebound.
2:33 of 1st period - Jakob Silfverberg is hit by Shane Pinto and loses puck.
2:43 of 1st period - Icing by Scott Mayfield.
2:44 of 1st period - Bo Horvat wins face-off versus Dawson Mercer in Edmonton Oilers zone.
2:47 of 1st period - Snap shot by Tyler Bertuzzi.
2:47 of 1st period - Stopped by Juuse Saros with a rebound.
3:07 of 1st period - Wrist shot by Dawson Mercer.
3:07 of 1st period - Shot Misses the Net.
3:09 of 1st period - Slapshot by Scott Mayfield.
3:09 of 1st period - Stopped by Thatcher Demko with a rebound.
3:13 of 1st period - Snap shot by Dawson Mercer.
3:13 of 1st period - Stopped by Thatcher Demko with a rebound.
3:25 of 1st period - Wrist shot by Dawson Mercer.
3:25 of 1st period - Stopped by Thatcher Demko with a rebound.
3:27 of 1st period - Slapshot by Jacob Trouba.
3:27 of 1st period - Stopped by Thatcher Demko without a rebound.
3:28 of 1st period - Patrice Bergeron wins face-off versus Adrian Kempe in Chicago Black Hawks zone.
3:35 of 1st period - Brandon Carlo is hit by Kevin Fiala and loses puck.
3:44 of 1st period - Snap shot by Adrian Kempe.
3:44 of 1st period - Stopped by Thatcher Demko without a rebound.
3:45 of 1st period - Michael Rasmussen wins face-off versus Jakub Voracek in Chicago Black Hawks zone.
3:56 of 1st period - Wrist shot by Cal Clutterbuck.
3:56 of 1st period - Shot Blocked by Jakub Voracek.
4:01 of 1st period - Icing by Jacob Trouba.
4:02 of 1st period - Patrice Bergeron wins face-off versus Jakub Voracek in Edmonton Oilers zone.
4:07 of 1st period - Snap shot by Kevin Fiala.
4:07 of 1st period - Shot Misses the Net.
4:09 of 1st period - Snap shot by Kevin Fiala.
4:09 of 1st period - Shot Misses the Net.
4:11 of 1st period - Slapshot by Devon Toews.
4:11 of 1st period - Shot Blocked by Jacob Trouba.
4:13 of 1st period - Slapshot by Devon Toews.
4:13 of 1st period - Deflect By Patrice Bergeron.
4:13 of 1st period - Stopped by Juuse Saros without a rebound.
4:14 of 1st period - Frederick Gaudreau wins face-off versus David Perron in Edmonton Oilers zone.
4:30 of 1st period - Slapshot by Morgan Rielly.
4:30 of 1st period - Shot Hit the Post.
5:21 of 1st period - Jakub Voracek is hit by Bo Horvat and loses puck.
5:32 of 1st period - Snap shot by Bo Horvat.
5:32 of 1st period - Stopped by Juuse Saros without a rebound.
5:33 of 1st period - Patrice Bergeron wins face-off versus Adrian Kempe in Edmonton Oilers zone.
5:34 of 1st period - Wrist shot by Kevin Fiala.
5:34 of 1st period - Goal by Kevin Fiala - Chicago Black Hawks : 1 - Edmonton Oilers : 0.
5:35 of 1st period - Vincent Trocheck wins face-off versus David Perron in neutral zone.
6:12 of 1st period - Slapshot by Mikael Backlund.
6:12 of 1st period - Stopped by Thatcher Demko without a rebound.
6:12 of 1st period - Minor Penalty to Thatcher Demko for Slashing.
6:13 of 1st period - Frederick Gaudreau wins face-off versus Adrian Kempe in Chicago Black Hawks zone.
6:40 of 1st period - Devon Toews is hit by Jacob Trouba.
8:12 of 1st period - Penalty to Tyler Bertuzzi is over, Tyler Bertuzzi is back on ice.
8:22 of 1st period - Scott Mayfield is hit by Barrett Hayton and loses puck.
8:33 of 1st period - Icing by Brent Burns.
8:34 of 1st period - Patrice Bergeron wins face-off versus David Perron in Chicago Black Hawks zone.
8:39 of 1st period - Evan Bouchard is hit by Morgan Rielly and loses puck.
9:50 of 1st period - Christopher Tanev is hit by Derek Grant and loses puck.
10:17 of 1st period - Boone Jenner is hit by Tyler Bertuzzi and loses puck.
10:35 of 1st period - Icing by Bo Horvat.
10:36 of 1st period - Bo Horvat wins face-off versus David Perron in Chicago Black Hawks zone.
10:51 of 1st period - Wrist shot by David Perron.
10:51 of 1st period - Shot Misses the Net.
11:03 of 1st period - Snap shot by Michael Rasmussen.
11:03 of 1st period - Shot Blocked by Jacob Trouba.
11:24 of 1st period - Vincent Trocheck is hit by Scott Mayfield and loses puck.
11:46 of 1st period - Slapshot by Devon Toews.
11:46 of 1st period - Stopped by Juuse Saros with a rebound.
11:54 of 1st period - Slapshot by Dawson Mercer.
11:54 of 1st period - Shot Misses the Net.
11:56 of 1st period - Wrist shot by Dawson Mercer.
11:56 of 1st period - Shot Misses the Net.
12:06 of 1st period - Jeff Carter is hit by Cal Clutterbuck and loses puck.
12:15 of 1st period - Slapshot by Cal Clutterbuck.
12:15 of 1st period - Shot Misses the Net.
13:11 of 1st period - David Perron is hit by Cal Clutterbuck and loses puck.
13:50 of 1st period - Travis Sanheim is hit by Boone Jenner and loses puck.
14:16 of 1st period - Wrist shot by Tyler Bertuzzi.
14:16 of 1st period - Stopped by Juuse Saros with a rebound.
14:56 of 1st period - Off-side.
14:57 of 1st period - Patrice Bergeron wins face-off versus Adrian Kempe in neutral zone.
15:02 of 1st period - David Farrance is hit by Morgan Rielly and loses puck.
15:03 of 1st period - David Farrance from Edmonton Oilers is injured at 15:03 of 1st period (Right Foot).
15:04 of 1st period - Patrice Bergeron wins face-off versus Adrian Kempe in Edmonton Oilers zone.
15:31 of 1st period - Scott Mayfield is hit by Cal Clutterbuck and loses puck.
16:18 of 1st period - Wrist shot by Jakub Voracek.
16:18 of 1st period - Stopped by Thatcher Demko without a rebound.
16:19 of 1st period - Frederick Gaudreau wins face-off versus Adrian Kempe in Chicago Black Hawks zone.
16:28 of 1st period - Wrist shot by Cole Perfetti.
16:28 of 1st period - Shot Blocked by Boone Jenner.
16:30 of 1st period - Snap shot by Frederick Gaudreau.
16:30 of 1st period - Shot Misses the Net.
16:42 of 1st period - Slapshot by Cole Perfetti.
16:42 of 1st period - Stopped by Juuse Saros with a rebound.
17:29 of 1st period - Snap shot by Frederick Gaudreau.
17:29 of 1st period - Goal by Frederick Gaudreau - Chicago Black Hawks : 2 - Edmonton Oilers : 0.
17:30 of 1st period - David Perron wins face-off versus Kevin Fiala in neutral zone.
17:39 of 1st period - Wrist shot by Brock Boeser.
17:39 of 1st period - Stopped by Thatcher Demko with a rebound.
18:16 of 1st period - Off-side.
18:17 of 1st period - Cal Clutterbuck wins face-off versus Dawson Mercer in neutral zone.
18:22 of 1st period - Snap shot by Michael Rasmussen.
18:22 of 1st period - Stopped by Juuse Saros without a rebound.
18:23 of 1st period - Patrice Bergeron wins face-off versus Dawson Mercer in Edmonton Oilers zone.
18:26 of 1st period - Snap shot by Kevin Fiala.
18:26 of 1st period - Stopped by Juuse Saros with a rebound.
19:16 of 1st period - Slapshot by Cole Perfetti.
19:16 of 1st period - Stopped by Juuse Saros with a rebound.
19:57 of 1st period - Caleb Jones is hit by Adrian Kempe and loses puck.
Goals for this period are 2 for Chicago Black Hawks vs 0 for Edmonton Oilers.
Shots for this period are 11 for Chicago Black Hawks vs 11 for Edmonton Oilers.
2nd period
0:01 of 2nd period - Bo Horvat wins face-off versus David Perron in neutral zone.
0:04 of 2nd period - Slapshot by Tyler Bertuzzi.
0:04 of 2nd period - Stopped by Juuse Saros with a rebound.
0:06 of 2nd period - Wrist shot by Bo Horvat.
0:06 of 2nd period - Stopped by Juuse Saros with a rebound.
0:08 of 2nd period - Snap shot by Barrett Hayton.
0:08 of 2nd period - Stopped by Juuse Saros with a rebound.
0:28 of 2nd period - Slapshot by Evan Bouchard.
0:28 of 2nd period - Shot Blocked by Patrice Bergeron.
0:30 of 2nd period - Slapshot by Brandon Carlo.
0:30 of 2nd period - Stopped by Thatcher Demko without a rebound.
0:31 of 2nd period - Morgan Frost wins face-off versus Adrian Kempe in Chicago Black Hawks zone.
0:31 of 2nd period - Morgan Frost is hit by Jacob Trouba.
0:45 of 2nd period - Snap shot by Cal Clutterbuck.
0:45 of 2nd period - Stopped by Juuse Saros with a rebound.
0:55 of 2nd period - Travis Sanheim is hit by Boone Jenner and loses puck.
1:02 of 2nd period - Snap shot by Adrian Kempe.
1:02 of 2nd period - Stopped by Thatcher Demko with a rebound.
1:11 of 2nd period - Icing by Brent Burns.
1:12 of 2nd period - Bo Horvat wins face-off versus David Perron in Chicago Black Hawks zone.
1:19 of 2nd period - Snap shot by David Perron.
1:19 of 2nd period - Stopped by Thatcher Demko without a rebound.
1:20 of 2nd period - Morgan Frost wins face-off versus David Perron in Chicago Black Hawks zone.
1:49 of 2nd period - Wrist shot by Jakob Silfverberg.
1:49 of 2nd period - Stopped by Thatcher Demko with a rebound.
1:51 of 2nd period - Wrist shot by Dawson Mercer.
1:51 of 2nd period - Shot Misses the Net.
1:53 of 2nd period - Wrist shot by Derek Grant.
1:53 of 2nd period - Deflect By Barrett Hayton.
1:53 of 2nd period - Stopped by Thatcher Demko without a rebound.
1:54 of 2nd period - Patrice Bergeron wins face-off versus David Perron in Chicago Black Hawks zone.
2:22 of 2nd period - Brett Pesce is hit by Christopher Tanev and loses puck.
3:10 of 2nd period - Snap shot by Frederick Gaudreau.
3:10 of 2nd period - Shot Misses the Net.
3:32 of 2nd period - Wrist shot by Kevin Fiala.
3:32 of 2nd period - Deflect By Brandon Carlo.
3:32 of 2nd period - Shot Misses the Net.
3:32 of 2nd period - Puck is out of play.
3:33 of 2nd period - Bo Horvat wins face-off versus Adrian Kempe in Edmonton Oilers zone.
3:34 of 2nd period - Snap shot by Barrett Hayton.
3:34 of 2nd period - Shot Misses the Net.
3:40 of 2nd period - Wrist shot by Mikael Backlund.
3:40 of 2nd period - Stopped by Thatcher Demko with a rebound.
3:42 of 2nd period - Slapshot by Boone Jenner.
3:42 of 2nd period - Shot Misses the Net.
3:44 of 2nd period - Snap shot by Boone Jenner.
3:44 of 2nd period - Stopped by Thatcher Demko without a rebound.
3:45 of 2nd period - David Perron wins face-off versus Patrice Bergeron in Chicago Black Hawks zone.
3:54 of 2nd period - Snap shot by David Perron.
3:54 of 2nd period - Deflect By Brock Boeser.
3:54 of 2nd period - Shot Hit the Post.
3:54 of 2nd period - Puck is out of play.
3:55 of 2nd period - Vincent Trocheck wins face-off versus David Perron in Chicago Black Hawks zone.
3:58 of 2nd period - Slapshot by Brock Boeser.
3:58 of 2nd period - Shot Blocked by Kevin Fiala.
4:00 of 2nd period - Snap shot by Jeff Carter.
4:00 of 2nd period - Stopped by Thatcher Demko without a rebound.
4:01 of 2nd period - Morgan Frost wins face-off versus Adrian Kempe in Chicago Black Hawks zone.
4:08 of 2nd period - Snap shot by Michael Rasmussen.
4:08 of 2nd period - Deflect By Boone Jenner.
4:08 of 2nd period - Shot Misses the Net.
4:08 of 2nd period - Puck is out of play.
4:09 of 2nd period - Adrian Kempe wins face-off versus Morgan Frost in Edmonton Oilers zone.
4:44 of 2nd period - Wrist shot by Michael Rasmussen.
4:44 of 2nd period - Stopped by Juuse Saros with a rebound.
4:46 of 2nd period - Slapshot by Travis Sanheim.
4:46 of 2nd period - Stopped by Juuse Saros with a rebound.
4:48 of 2nd period - Slapshot by Morgan Frost.
4:48 of 2nd period - Stopped by Juuse Saros without a rebound.
4:49 of 2nd period - Bo Horvat wins face-off versus David Perron in Edmonton Oilers zone.
4:52 of 2nd period - Slapshot by Tyler Bertuzzi.
4:52 of 2nd period - Stopped by Juuse Saros without a rebound.
4:53 of 2nd period - David Perron wins face-off versus Bo Horvat in Edmonton Oilers zone.
5:20 of 2nd period - Snap shot by Jakob Silfverberg.
5:20 of 2nd period - Shot Misses the Net.
5:30 of 2nd period - Devon Toews is hit by Dawson Mercer and loses puck.
6:08 of 2nd period - Slapshot by Morgan Frost.
6:08 of 2nd period - Shot Blocked by Jacob Trouba.
6:13 of 2nd period - Off-side.
6:14 of 2nd period - Bo Horvat wins face-off versus David Perron in neutral zone.
6:17 of 2nd period - Brock Boeser is hit by Bo Horvat and loses puck.
6:24 of 2nd period - Snap shot by Jacob Trouba.
6:24 of 2nd period - Deflect By Morgan Rielly.
6:24 of 2nd period - Goal by Jacob Trouba - Chicago Black Hawks : 2 - Edmonton Oilers : 1.
6:25 of 2nd period - Patrice Bergeron wins face-off versus Brock Boeser in neutral zone.
6:52 of 2nd period - Tyler Bertuzzi is hit by Evan Bouchard and loses puck.
6:57 of 2nd period - Snap shot by Boone Jenner.
6:57 of 2nd period - Stopped by Thatcher Demko without a rebound.
6:58 of 2nd period - Bo Horvat wins face-off versus Boone Jenner in Chicago Black Hawks zone.
6:58 of 2nd period - Bo Horvat is hit by Jacob Trouba.
7:03 of 2nd period - Off-side.
7:04 of 2nd period - Dawson Mercer wins face-off versus Bo Horvat in neutral zone.
7:11 of 2nd period - Wrist shot by Dawson Mercer.
7:11 of 2nd period - Stopped by Thatcher Demko with a rebound.
8:10 of 2nd period - Icing by Evan Bouchard.
8:11 of 2nd period - Frederick Gaudreau wins face-off versus Adrian Kempe in Edmonton Oilers zone.
8:16 of 2nd period - Wrist shot by Tyler Bertuzzi.
8:16 of 2nd period - Stopped by Juuse Saros without a rebound.
8:17 of 2nd period - Bo Horvat wins face-off versus David Perron in Edmonton Oilers zone.
8:52 of 2nd period - Snap shot by Jakob Silfverberg.
8:52 of 2nd period - Stopped by Thatcher Demko with a rebound.
9:02 of 2nd period - Derek Grant is hit by Vincent Trocheck and loses puck.
9:07 of 2nd period - Wrist shot by Vincent Trocheck.
9:07 of 2nd period - Shot Misses the Net.
9:09 of 2nd period - Slapshot by Devon Toews.
9:09 of 2nd period - Shot Blocked by Brandon Carlo.
9:11 of 2nd period - Wrist shot by Vincent Trocheck.
9:11 of 2nd period - Stopped by Juuse Saros with a rebound.
9:34 of 2nd period - Off-side.
9:35 of 2nd period - Barrett Hayton wins face-off versus David Perron in neutral zone.
9:47 of 2nd period - Minor Penalty to Barrett Hayton for Hooking.
9:48 of 2nd period - Frederick Gaudreau wins face-off versus Adrian Kempe in Chicago Black Hawks zone.
9:48 of 2nd period - Frederick Gaudreau is hit by Scott Mayfield.
9:59 of 2nd period - Slapshot by Devon Toews.
9:59 of 2nd period - Shot Blocked by Scott Mayfield.
10:01 of 2nd period - Minor Penalty to Adrian Kempe for Interference.
10:02 of 2nd period - Vincent Trocheck wins face-off versus David Perron in Edmonton Oilers zone.
10:27 of 2nd period - Jacob Trouba is hit by Kevin Fiala.
10:37 of 2nd period - Slapshot by David Perron.
10:37 of 2nd period - Deflect By Boone Jenner.
10:37 of 2nd period - Stopped by Thatcher Demko with a rebound.
11:35 of 2nd period - Jacob Trouba is hit by Michael Rasmussen and loses puck.
11:47 of 2nd period - Penalty to Barrett Hayton is over, Barrett Hayton is back on ice.
12:01 of 2nd period - Penalty to Adrian Kempe is over, Adrian Kempe is back on ice.
12:17 of 2nd period - Off-side.
12:18 of 2nd period - Dawson Mercer wins face-off versus Frederick Gaudreau in neutral zone.
12:37 of 2nd period - Wrist shot by Dawson Mercer.
12:37 of 2nd period - Stopped by Thatcher Demko with a rebound.
13:08 of 2nd period - Morgan Rielly is hit by Derek Grant and loses puck.
13:43 of 2nd period - Morgan Rielly is hit by Brandon Carlo and loses puck.
13:52 of 2nd period - Cole Perfetti is hit by Dawson Mercer and loses puck.
14:07 of 2nd period - Wrist shot by Cole Perfetti.
14:07 of 2nd period - Goal by Cole Perfetti - Chicago Black Hawks : 3 - Edmonton Oilers : 1.
14:08 of 2nd period - David Perron wins face-off versus Morgan Frost in neutral zone.
14:35 of 2nd period - Boone Jenner is hit by Barrett Hayton and loses puck.
14:59 of 2nd period - Wrist shot by Paul Stastny.
14:59 of 2nd period - Stopped by Thatcher Demko with a rebound.
15:01 of 2nd period - Slapshot by Brandon Carlo.
15:01 of 2nd period - Shot Blocked by Christopher Tanev.
15:55 of 2nd period - Snap shot by Adrian Kempe.
15:55 of 2nd period - Stopped by Thatcher Demko with a rebound.
16:09 of 2nd period - Snap shot by Vincent Trocheck.
16:09 of 2nd period - Shot Misses the Net.
16:11 of 2nd period - Wrist shot by Patrice Bergeron.
16:11 of 2nd period - Stopped by Juuse Saros without a rebound.
16:12 of 2nd period - Patrice Bergeron wins face-off versus Adrian Kempe in Edmonton Oilers zone.
16:13 of 2nd period - Wrist shot by Vincent Trocheck.
16:13 of 2nd period - Shot Misses the Net.
16:26 of 2nd period - Off-side.
16:27 of 2nd period - Morgan Frost wins face-off versus David Perron in neutral zone.
16:36 of 2nd period - Slapshot by David Perron.
16:36 of 2nd period - Stopped by Thatcher Demko without a rebound.
16:37 of 2nd period - David Perron wins face-off versus Morgan Frost in Chicago Black Hawks zone.
16:45 of 2nd period - Minor Penalty to Michael Rasmussen for Hooking.
16:46 of 2nd period - Patrice Bergeron wins face-off versus Jeff Carter in Chicago Black Hawks zone.
17:20 of 2nd period - Patrice Bergeron is hit by Jacob Trouba and loses puck.
18:45 of 2nd period - Penalty to Michael Rasmussen is over, Michael Rasmussen is back on ice.
19:20 of 2nd period - Snap shot by Shane Pinto.
19:20 of 2nd period - Stopped by Juuse Saros without a rebound.
19:21 of 2nd period - Jakub Voracek wins face-off versus Patrice Bergeron in Edmonton Oilers zone.
19:26 of 2nd period - Vincent Trocheck is hit by Noel Gunler.
19:34 of 2nd period - Kevin Fiala is hit by Paul Stastny and loses puck.
19:49 of 2nd period - Brent Burns is hit by Mikael Backlund and loses puck.
Goals for this period are 1 for Chicago Black Hawks vs 1 for Edmonton Oilers.
Shots for this period are 13 for Chicago Black Hawks vs 17 for Edmonton Oilers.
3rd period
0:01 of 3rd period - Patrice Bergeron wins face-off versus David Perron in neutral zone.
0:12 of 3rd period - Slapshot by Vincent Trocheck.
0:12 of 3rd period - Shot Misses the Net.
1:28 of 3rd period - Snap shot by Jakob Silfverberg.
1:28 of 3rd period - Deflect By Dawson Mercer.
1:28 of 3rd period - Shot Misses the Net.
1:28 of 3rd period - Puck is out of play.
1:29 of 3rd period - Patrice Bergeron wins face-off versus Adrian Kempe in Chicago Black Hawks zone.
1:29 of 3rd period - Patrice Bergeron is hit by Boone Jenner.
1:55 of 3rd period - Morgan Rielly is hit by Brock Boeser and loses puck.
2:24 of 3rd period - Wrist shot by Frederick Gaudreau.
2:24 of 3rd period - Deflect By Evan Bouchard.
2:24 of 3rd period - Stopped by Juuse Saros with a rebound.
2:26 of 3rd period - Wrist shot by Shane Pinto.
2:26 of 3rd period - Stopped by Juuse Saros with a rebound.
2:40 of 3rd period - Snap shot by Evan Bouchard.
2:40 of 3rd period - Shot Blocked by Kevin Fiala.
3:46 of 3rd period - Barrett Hayton is hit by Derek Grant and loses puck.
4:05 of 3rd period - Slapshot by Christopher Tanev.
4:05 of 3rd period - Stopped by Juuse Saros without a rebound.
4:06 of 3rd period - Frederick Gaudreau wins face-off versus David Perron in Edmonton Oilers zone.
4:26 of 3rd period - Cole Perfetti is hit by David Perron and loses puck.
4:40 of 3rd period - Frederick Gaudreau is hit by Brett Pesce and loses puck.
4:54 of 3rd period - Frederick Gaudreau is hit by Jeff Carter and loses puck.
5:11 of 3rd period - Snap shot by Cole Perfetti.
5:11 of 3rd period - Stopped by Juuse Saros without a rebound.
5:12 of 3rd period - Adrian Kempe wins face-off versus Patrice Bergeron in Edmonton Oilers zone.
5:17 of 3rd period - Vincent Trocheck is hit by Boone Jenner.
5:21 of 3rd period - Patrice Bergeron is hit by Mikael Backlund and loses puck.
5:38 of 3rd period - Jakob Silfverberg is hit by Morgan Frost.
5:47 of 3rd period - Slapshot by Devon Toews.
5:47 of 3rd period - Shot Blocked by Brandon Carlo.
5:49 of 3rd period - Slapshot by Devon Toews.
5:49 of 3rd period - Deflect By Derek Grant.
5:49 of 3rd period - Stopped by Juuse Saros with a rebound.
5:51 of 3rd period - Snap shot by Cal Clutterbuck.
5:51 of 3rd period - Deflect By Morgan Frost.
5:51 of 3rd period - Shot Blocked by Jakob Silfverberg.
5:51 of 3rd period - Puck is out of play.
5:52 of 3rd period - Barrett Hayton wins face-off versus Adrian Kempe in Edmonton Oilers zone.
5:56 of 3rd period - Wrist shot by Bo Horvat.
5:56 of 3rd period - Shot Misses the Net.
6:02 of 3rd period - Wrist shot by Tyler Bertuzzi.
6:02 of 3rd period - Deflect By Bo Horvat.
6:02 of 3rd period - Shot Blocked by Boone Jenner.
6:02 of 3rd period - Puck is out of play.
6:03 of 3rd period - Vincent Trocheck wins face-off versus Adrian Kempe in Edmonton Oilers zone.
6:40 of 3rd period - Wrist shot by Vincent Trocheck.
6:40 of 3rd period - Stopped by Juuse Saros without a rebound.
6:41 of 3rd period - Morgan Frost wins face-off versus Jeff Carter in Edmonton Oilers zone.
6:48 of 3rd period - Slapshot by Michael Rasmussen.
6:48 of 3rd period - Stopped by Juuse Saros with a rebound.
6:56 of 3rd period - Wrist shot by Brock Boeser.
6:56 of 3rd period - Stopped by Thatcher Demko without a rebound.
6:57 of 3rd period - Bo Horvat wins face-off versus Boone Jenner in Chicago Black Hawks zone.
7:48 of 3rd period - Off-side.
7:49 of 3rd period - Jakub Voracek wins face-off versus Patrice Bergeron in neutral zone.
8:49 of 3rd period - Snap shot by Michael Rasmussen.
8:49 of 3rd period - Stopped by Juuse Saros without a rebound.
8:50 of 3rd period - Patrice Bergeron wins face-off versus Dawson Mercer in Edmonton Oilers zone.
9:17 of 3rd period - Brent Burns is hit by Adrian Kempe and loses puck.
9:30 of 3rd period - Travis Sanheim is hit by Adrian Kempe and loses puck.
9:43 of 3rd period - Brock Boeser is hit by Bo Horvat and loses puck.
10:10 of 3rd period - Slapshot by Morgan Rielly.
10:10 of 3rd period - Shot Misses the Net.
10:26 of 3rd period - Icing by Derek Grant.
10:27 of 3rd period - Patrice Bergeron wins face-off versus Dawson Mercer in Edmonton Oilers zone.
10:47 of 3rd period - Patrice Bergeron is hit by Jacob Trouba and loses puck.
10:52 of 3rd period - Wrist shot by Jakob Silfverberg.
10:52 of 3rd period - Stopped by Thatcher Demko with a rebound.
11:02 of 3rd period - Snap shot by Dawson Mercer.
11:02 of 3rd period - Stopped by Thatcher Demko without a rebound.
11:03 of 3rd period - Adrian Kempe wins face-off versus Bo Horvat in Chicago Black Hawks zone.
11:12 of 3rd period - Wrist shot by Boone Jenner.
11:12 of 3rd period - Stopped by Thatcher Demko without a rebound.
11:13 of 3rd period - Bo Horvat wins face-off versus Adrian Kempe in Chicago Black Hawks zone.
11:20 of 3rd period - Brett Pesce is hit by Caleb Jones and loses puck.
11:37 of 3rd period - Snap shot by Tyler Bertuzzi.
11:37 of 3rd period - Stopped by Juuse Saros without a rebound.
11:38 of 3rd period - Morgan Frost wins face-off versus David Perron in Edmonton Oilers zone.
12:07 of 3rd period - Snap shot by Cole Perfetti.
12:07 of 3rd period - Shot Blocked by Jeff Carter.
12:17 of 3rd period - David Perron is hit by Cole Perfetti and loses puck.
12:24 of 3rd period - Frederick Gaudreau is hit by Jacob Trouba and loses puck.
12:47 of 3rd period - Snap shot by Brock Boeser.
12:47 of 3rd period - Stopped by Thatcher Demko without a rebound.
12:48 of 3rd period - Adrian Kempe wins face-off versus Morgan Frost in Chicago Black Hawks zone.
12:54 of 3rd period - Minor Penalty to Michael Rasmussen for Holding.
12:55 of 3rd period - Patrice Bergeron wins face-off versus Adrian Kempe in Chicago Black Hawks zone.
14:54 of 3rd period - Penalty to Michael Rasmussen is over, Michael Rasmussen is back on ice.
14:58 of 3rd period - Christopher Tanev is hit by Scott Mayfield and loses puck.
15:57 of 3rd period - Slapshot by Morgan Rielly.
15:57 of 3rd period - Stopped by Juuse Saros with a rebound.
17:25 of 3rd period - Brett Pesce is hit by Morgan Frost and loses puck.
18:23 of 3rd period - Snap shot by Morgan Frost.
18:23 of 3rd period - Stopped by Juuse Saros without a rebound.
18:24 of 3rd period - Morgan Frost wins face-off versus David Perron in Edmonton Oilers zone.
18:31 of 3rd period - Snap shot by Morgan Frost.
18:31 of 3rd period - Shot Misses the Net.
18:39 of 3rd period - David Perron is hit by Morgan Frost and loses puck.
18:48 of 3rd period - Jacob Trouba is hit by Cal Clutterbuck and loses puck.
19:05 of 3rd period - Wrist shot by Boone Jenner.
19:05 of 3rd period - Shot Misses the Net.
19:09 of 3rd period - Snap shot by David Perron.
19:09 of 3rd period - Shot Misses the Net.
19:11 of 3rd period - Backhand shot by Jacob Trouba.
19:11 of 3rd period - Stopped by Thatcher Demko without a rebound.
19:12 of 3rd period - Patrice Bergeron wins face-off versus Dawson Mercer in Chicago Black Hawks zone.
19:23 of 3rd period - Wrist shot by Kevin Fiala.
19:23 of 3rd period - Stopped by Juuse Saros with a rebound.
19:25 of 3rd period - Snap shot by Kevin Fiala.
19:25 of 3rd period - Stopped by Juuse Saros without a rebound.
19:26 of 3rd period - Patrice Bergeron wins face-off versus Dawson Mercer in Edmonton Oilers zone.
19:33 of 3rd period - Snap shot by Kevin Fiala.
19:33 of 3rd period - Stopped by Juuse Saros without a rebound.
19:34 of 3rd period - Dawson Mercer wins face-off versus Patrice Bergeron in Edmonton Oilers zone.
Goals for this period are 0 for Chicago Black Hawks vs 0 for Edmonton Oilers.
Shots for this period are 14 for Chicago Black Hawks vs 6 for Edmonton Oilers.
Back to the Top